 Dungeon Crawl Stone Soup version 0.21-a0-584-g185da8e (webtiles) character file.

107 Spazmo the Magician (level 4, -4/24 HPs)
             Began as a Deep Elf Fire Elementalist on Dec 19, 2017.
             Killed from afar by an orc wizard (6 damage)
             ... with a puff of flame
             ... on level 2 of the Dungeon on Dec 20, 2017.
             The game lasted 00:07:13 (1947 turns).

Spazmo the Magician (Deep Elf Fire Elementalist)    Turns: 1947, Time: 00:07:13

Health: -4/24      AC:  3    Str:  5    XL:     4   Next: 56%
Magic:  1/12       EV: 13    Int: 21    God:
Gold:   97         SH:  0    Dex: 15    Spells: 1/11 levels left

rFire    . . .     SeeInvis .   k - +0 short sword
rCold    . . .     Gourm    .   (no shield)
rNeg     . . .     Faith    .   a - +0 robe
rPois    .         Spirit   .   j - +0 helmet
rElec    .         Reflect  .   (no cloak)
rCorr    .         Harm     .   (no gloves)
MR       .....                  (no boots)
Stlth    ++........             (no amulet)
HPRegen  0.08/turn              (no ring)
MPRegen  0.13/turn              (no ring)

@: very slightly contaminated
A: no striking features
a: no special abilities


You were on level 2 of the Dungeon.
You were not hungry.

You visited 1 branch of the dungeon, and saw 2 of its levels.

You collected 97 gold pieces.

Inventory:

Hand Weapons
 k - a +0 short sword (weapon)
Missiles
 e - 71 stones (quivered)
 f - 56 poisoned needles
Armour
 a - a +0 robe (worn)
 j - a +0 helmet (worn)
Scrolls
 g - 5 scrolls of identify {unknown}
Potions
 h - a potion of brilliance
Books
 b - a book of Flames

   Spells                             Type                      Level
   a - Flame Tongue                   Conjuration/Fire             1
   b - Throw Flame                    Conjuration/Fire             2
   c - Conjure Flame                  Conjuration/Fire             3
   d - Inner Flame                    Hexes/Fire                   3
   e - Sticky Flame                   Conjuration/Fire             4
   f - Fireball                       Conjuration/Fire             5
Comestibles
 c - 4 rations


   Skills:
 - Level 3.0 Dodging
 - Level 3.0 Stealth
 + Level 4.2 Spellcasting
 + Level 2.5 Conjurations
 + Level 4.1 Fire Magic


You had one spell level left.
You knew the following spells:

 Your Spells              Type           Power        Failure   Level  Hunger
a - Flame Tongue          Conj/Fire      ###..        3%          1    None
b - Throw Flame           Conj/Fire      ###...       4%          2    #......
c - Conjure Flame         Conj/Fire      ###.....     9%          3    ###....
d - Sticky Flame          Conj/Fire      ###.....     28%         4    ####...


Dungeon Overview and Level Annotations

Branches:
Dungeon (2/15)

Altars:


Message History

You hear some strange, mumbled words.
A magic dart appears from out of thin air!
The magic dart hits you!
You hear some strange, mumbled words.
A magic dart appears from out of thin air!
The magic dart hits you!
* * * LOW HITPOINT WARNING * * *
Okay, then.
As you read the scroll labeled AGO SARPHAE, it crumbles to dust.
It is a scroll of amnesia.
Forget which spell ([?*] list [ESC] exit)?
Forget which spell ([?*] list [ESC] exit)?
Okay, then.
Unknown command.
As you read the scroll labeled PEILIS XEYFANU, it crumbles to dust.
You feel blessed for a moment.
It was a scroll of remove curse.
You hear some strange, mumbled words.
A puff of flame appears from out of thin air!
The puff of flame hits you!
You die...

..##.#.##.#####.................#
.......##.# ###............##.#
..##.####.#######...#......#.##.#
..##.####.##...........##..#.##.#
..##......................>..##.#
..#####.#.##.####..##............
.....>.......# #..##.......###.#
#######..##..####..##..#.........
..............o{@...........###.#
###................##..#....# #.#
#.##.#...#.####....[.#....# #.#
#.##.#...#.# #.###.##....# #.#
#.##.#...#.####.....##....# #.#
#.......(.....#)######....###.#
#.##.#.รท##.#.##.# #....##..#
#.##.#o(##.#.##.######)........
###....)...#.#.#..)..............


You could see an orc.

Vanquished Creatures
  An orc wizard (D:2)
  Robin (D:2)
  2 adders (D:2)
  A worm (D:2)
  A leopard gecko (D:2)
  An orc (D:2)
  2 ball pythons (D:1)
  2 giant cockroaches (D:1)
  2 hobgoblins
  9 jackals
  2 kobolds
  A quokka (D:2)
  2 bats (D:1)
  3 frilled lizards
  10 goblins (D:2)
  4 rats (D:2)
44 creatures vanquished.

Notes
Turn   | Place    | Note
-------+----------+-------------------------------------------
     0 | D:1      | Spazmo the Deep Elf Fire Elementalist began the quest for the Orb.
     0 | D:1      | Reached XP level 1. HP: 10/10 MP: 6/6
   516 | D:1      | Reached XP level 2. HP: 12/15 MP: 6/8
   520 | D:1      | Learned a level 2 spell: Throw Flame
  1104 | D:2      | Noticed Robin
  1109 | D:2      | Killed Robin
  1109 | D:2      | Reached XP level 3. HP: 18/19 MP: 2/10
  1853 | D:2      | Reached XP level 4. HP: 24/24 MP: 5/11
  1863 | D:2      | Learned a level 3 spell: Conjure Flame
  1868 | D:2      | Learned a level 4 spell: Sticky Flame
  1920 | D:2      | Upgraded the game from 0.21-a0-583-g2c32b0f to 0.21-a0-584-g185da8e
  1947 | D:2      | Killed from afar by an orc wizard

Vault maps used:
D:1:      dpeg_arrival_solitude
D:2:      uniq_robin

Skill      XL: |  1  2  3  4 |
---------------+-------------+-----
Dodging        | 3 |  3.0
Stealth        | 3 |  3.0
Conjurations   | 2 |  2.5
Spellcasting   | 4 |  4.2
Fire Magic     | 4 |  4.1

Action                   |  1- 3 |  4- 6 || total
-------------------------+-------+-------++-------
Melee: Unarmed           |    11 |       ||    11
       Short sword       |     1 |       ||     1
Throw: Stone             |     1 |       ||     1
 Cast: Flame Tongue      |    73 |     9 ||    82
       Throw Flame       |     5 |       ||     5
       Sticky Flame      |       |     1 ||     1
  Use: Scroll            |     2 |     2 ||     4
       Potion            |     1 |     1 ||     2
  Eat: Chunk             |     2 |     1 ||     3
Armor: Robe              |     9 |     1 ||    10
Dodge: Dodged            |    23 |     7 ||    30

Table legend:
 A = Spawn XP
 B = Non-spawn XP
 C = Spawn XP percentage of total XP
 D = Spawn monster count
 E = Non-spawn monster count
 F = Spawn count percentage of total count
 G = Total turns spent on level
                    A         B        C        D         E        F      G
               +---------+---------+-------+---------+---------+-------+---------
         Total |       0 |     153 |   0.0 |       0 |      44 |   0.0 |  1947
               +---------+---------+-------+---------+---------+-------+---------
           D:1 |       0 |      26 |   0.0 |       0 |      15 |   0.0 |   908
           D:2 |       0 |     127 |   0.0 |       0 |      29 |   0.0 |  1039
               +---------+---------+-------+---------+---------+-------+---------
